 Dungeon Crawl Stone Soup version 0.30-a0-385-gfebfb9b408 (webtiles) character file.

Game seed: 3482373425988162157

2 chunkyMonkey the Shield-Bearer (level 1, -1/22 HPs)
             Began as a Troll Fighter on Dec 2, 2022.
             Slain by a gnoll
             ... wielding a +0 spear
              (8 damage)
             ... on level 1 of the Dungeon.
             The game lasted 00:00:25 (115 turns).

chunkyMonkey the Shield-Bearer (Troll Fighter)       Turns: 115, Time: 00:00:25

Health: -1/22      AC:  4    Str: 23    XL:     1   Next: 25%
Magic:  0/0        EV:  8    Int:  4    God:
Gold:   5          SH:  7    Dex:  9    Spells: 0/0 levels left

rFire   . . .      SeeInvis .    a - +0 war axe
rCold   . . .      Faith    .    c - +0 kite shield
rNeg    . . .      Spirit   .    b - +0 robe
rPois   .          Reflect  .    (helmet restricted)
rElec   .          Harm     .    (no cloak)
rCorr   .          Rampage  .    (gloves unavailable)
Will    .....                    (boots unavailable)
Stlth   +.........               (no amulet)
HPRegen 1.03/turn                (no ring)
MPRegen 0.07/turn                (no ring)

@: no status effects
A: large, unfitting armour, claws 3, regeneration 1, shaggy fur 1, tough skin 1
a: no special abilities


You were on level 1 of the Dungeon.
You visited 1 branch of the dungeon, and saw 1 of its levels.

You collected 5 gold pieces.

Inventory:

Hand Weapons
 a - a +0 war axe (weapon)
Armour
 b - a +0 robe (worn)
 c - a +0 kite shield (worn)
Potions
 d - a potion of might


   Skills:
 + Level 2.4 Fighting
 * Level 1.6 Axes
 + Level 0.0 Armour
 - Level 2.4 Dodging
 * Level 2.7 Shields


You couldn't memorise any spells.
You didn't know any spells.
Your spell library was empty.

Dungeon Overview and Level Annotations

Branches:
Dungeon (1/15)

Altars:


Innate Abilities, Weirdness & Mutations

You are too large for most types of armour.
You have claws for hands.
Your natural rate of healing is unusually fast.
You are covered in fur. (AC +1)
You have tough skin. (AC +1)


Message History

The gnoll shouts!
You hear a shout!
A kobold comes into view. It is wielding a +0 dagger.
The gnoll hits you with a +0 spear.
You hit the gnoll but do no damage. You block the gnoll's attack.
The gnoll hits you with a +0 spear!
You barely miss the gnoll. The gnoll barely misses you.
You closely miss the gnoll. You barely miss the kobold.
You block the gnoll's attack. The kobold barely misses you.
You block the gnoll's attack. The kobold hits you with a +0 dagger.
You barely miss the gnoll. You hit the kobold. You block the gnoll's attack.
You block the kobold's attack.
You barely miss the gnoll. You closely miss the kobold.
The gnoll hits you with a +0 spear. The kobold hits you but does no damage.
You block the gnoll's attack. The kobold barely misses you.
You hit the gnoll.
The gnoll is moderately wounded.
You hit the kobold.
You kill the kobold!
The gnoll barely misses you.
You closely miss the gnoll.
The gnoll is moderately wounded.
The gnoll hits you with a +0 spear. You block the gnoll's attack.
You barely miss the gnoll.
The gnoll is moderately wounded.
The gnoll hits you but does no damage.
You hit the gnoll.
The gnoll is heavily wounded.
You block the gnoll's attack. The gnoll hits you with a +0 spear.
You closely miss the gnoll.
The gnoll is heavily wounded.
The gnoll hits you with a +0 spear.
You completely miss the gnoll.
The gnoll is heavily wounded.
The gnoll hits you with a +0 spear!
* * * LOW HITPOINT WARNING * * *
You block the gnoll's attack.
You hit the gnoll.
The gnoll is almost dead.
The gnoll hits you with a +0 spear!
You die...

##...< #.. ##.....
#.. ##...... #..
##......# ..
##......## ##.#
##......## #..#
##......##
###.####......##
#.@..........##
......g#)####......#
#.###.##..#
##......# ... ##.#
##......# ### ..
##......## #..
##......# #..
##.....[ #.. #.....
#...>


You could see a gnoll.

Vanquished Creatures
  A kobold (D:1)
  A ball python (D:1)
2 creatures vanquished.

Notes
Turn   | Place    | Note
-------+----------+-------------------------------------------
     0 | D:1      | chunkyMonkey the Troll Fighter began the quest for the Orb.
     0 | D:1      | Reached XP level 1. HP: 22/22 MP: 0/0
   115 | D:1      | Slain by a gnoll

Illustrated notes

Levels and vault maps discovered:
D:1:      dpeg_arrival_central, layout_loops_corners

Action                   || total
-------------------------++-------
Melee: War axe           ||    22
Armor: Robe              ||     6
Dodge: Dodged            ||     8
Block: Kite shield       ||    16

Table legend: (Time is in decaauts)
 A = Elapsed time spent in this place.
 B = Non-inter-level travel time spent in this place.
 C = Inter-level travel time spent in this place.
 D = Time resting spent in this place.
 E = Time spent auto-exploring this place.
 F = Levels seen in this place.
 G = Mean time per level.
                   A        B        C        D        E       F      G
               +--------+--------+--------+--------+--------+-----+--------+
         Total |    126 |    126 |      0 |      0 |     86 |   1 |  126.0 |
       Dungeon |    126 |    126 |      0 |      0 |     86 |   1 |  126.0 |
               +--------+--------+--------+--------+--------+-----+--------+

Top non-repeatable levels by time:
     D:1: 126 daAuts
